 Dungeon Crawl Stone Soup version 0.30.0-13-g156ef70053 (webtiles) character file.

Game seed: 4726902162505309621

811 workbot the Cleaver (level 7, -1/57 HPs)
             Began as a Minotaur Berserker on May 17, 2023.
             Was a Believer of Trog.
             Frozen to death by esper6's ghost (10 damage)
             ... on level 5 of the Dungeon.
             The game lasted 00:07:25 (4398 turns).

workbot the Cleaver (Minotaur Berserker)            Turns: 4398, Time: 00:07:27

Health: -1/57      AC:  5    Str: 23      XL:     7   Next: 61%
Magic:  6/6        EV: 11    Int:  4      God:    Trog [**....]
Gold:   270        SH:  0    Dex:  9 (10) Spells: 6/6 levels left

rFire   . . .        B - +0 war axe
rCold   . . .        (no shield)
rNeg    . . .        h - +0 ring mail
rPois   .            (helmet restricted)
rElec   .            (no cloak)
rCorr   .            (no gloves)
SInv    .            (no boots)
Will    .....        (no amulet) Stlth
                     (no ring)
HPRegen 0.29/turn    (no ring)
MPRegen 0.10/turn

%: no passive effects
@: on berserk cooldown, slowed, very slow
A: horns 2, retaliatory headbutt
a: Renounce Religion, Berserk, Trog's Hand


You were on level 5 of the Dungeon.
You worshipped Trog.
Trog was pleased with you.
You visited 1 branch of the dungeon, and saw 5 of its levels.

You collected 270 gold pieces.

Inventory:

Hand Weapons
 B - a +0 war axe (weapon)
Missiles
 o - 2 throwing nets (quivered)
Armour
 h - a +0 ring mail (worn)
 t - a +0 helmet
Jewellery
 y - a ring of see invisible
Scrolls
 b - a scroll of immolation {unknown}
 d - 5 scrolls of teleportation {unknown}
 f - a scroll of butterflies {unknown}
 g - 2 scrolls of poison {unknown}
 j - 2 scrolls of vulnerability {unknown}
 k - a scroll of noise {unknown}
 l - a scroll of enchant weapon {unknown}
 p - 2 scrolls of magic mapping {unknown}
 r - a scroll of silence {unknown}
 u - 4 scrolls of identify {unknown}
 v - 2 scrolls of blinking {unknown}
Potions
 c - a potion of lignification
 e - a potion of haste {unknown}
 i - 5 potions of curing {unknown}
 m - a potion of resistance {unknown}
 n - 2 potions of heal wounds
 q - a potion of might {unknown}
 s - a potion of attraction {unknown}
 w - 2 potions of mutation {unknown}
 x - a potion of flight {unknown}
 z - a potion of invisibility {unknown}
 A - a potion of berserk rage {unknown}


   Skills:
 - Level 3.6 Fighting
 + Level 10.9 Axes
 - Level 2.4 Armour
 - Level 2.1 Dodging


You had 6 spell levels left.
You didn't know any spells.
Your spell library was empty.

Dungeon Overview and Level Annotations

Branches:
Dungeon (5/15)             Temple (0/1) D:5

Altars:
Sif Muna
Yredelemnul

Shops:
D:2 ?   D:4 *

Annotations:
D:5 1 transporter, exclusion: downstairs, Blork the orc; esper6's ghost, novice GnIE


Innate Abilities, Weirdness & Mutations

You have a pair of horns on your head.
You reflexively headbutt those who attack you in melee.


Message History

Esper6's ghost is severely damaged.
Esper6's ghost hits you.
You barely miss esper6's ghost.
You punch esper6's ghost, but do no damage.
Esper6's ghost is severely damaged.
Esper6's ghost freezes you.
You are frozen!!
You hit esper6's ghost but do no damage.
Esper6's ghost is severely damaged.
Your transformation is almost over.
Esper6's ghost hits you!
Esper6's ghost hits you but does no damage.
You hit esper6's ghost.
Esper6's ghost is almost destroyed.
Esper6's ghost hits you but does no damage.
You hit esper6's ghost but do no damage.
Esper6's ghost is almost destroyed.
Esper6's ghost hits you but does no damage. x2
You closely miss esper6's ghost.
Esper6's ghost is almost destroyed.
Esper6's ghost hits you.
You barely miss esper6's ghost.
Esper6's ghost is almost destroyed.
Esper6's ghost barely misses you.
Esper6's ghost hits you but does no damage.
You hit esper6's ghost but do no damage.
Esper6's ghost is almost destroyed.
You feel less wooden.
Your +0 ring mail unmelds from your body.
Esper6's ghost says, "Death is but another step down the path of knowledge."
Esper6's ghost freezes you.
You are frozen.
You closely miss esper6's ghost.
Esper6's ghost is almost destroyed.
Esper6's ghost freezes you.
You are frozen!
* * * LOW HITPOINT WARNING * * *
Esper6's ghost freezes you.
You are frozen!
You die...

#.###...## #.###.##.# #.##....
#.# ##'######.##..##.### #.#.....
#.# #.###.............###.##....
#.## #.##..####.©.####...#.###...
...###.##.##..##### .###...####.#
##.##.....#.....)$..#..##........
#.#.....##.##..=###....#.#####..
##.##....#.....#W....#.##.# ###
.........#..##..@!.#..©#..#
##.###.#.#......#..##..#.## #.#
#.#.##...#. .#....#.# ##.#
#.#..#....# .....##.# ...#
#.##.#####. ###.##..#
######.##.....####©###..#########
.......######..........## #......
#####..# #####..##### #.##### ###
#..# ####........# #.#####


You could see esper6's ghost.

Vanquished Creatures
  2 ogres (D:4)
  4 scorpions
  A howler monkey (D:4)
  A hound (D:5)
  3 quasits (D:5)
  A jelly (D:4)
  A sleepcap (D:5)
  2 orc wizards (D:5)
  An iguana (D:4)
  2 adders
  2 worms (D:2)
  2 dart slugs
  5 orcs
  5 ball pythons
  12 endoplasms
  2 giant cockroaches
  7 hobgoblins
  2 jackals (D:2)
  3 quokkas
  A bat (D:1)
  2 frilled lizards (D:1)
  7 goblins
  2 kobolds
  4 rats
74 creatures vanquished.

Notes
Turn   | Place    | Note
-------+----------+-------------------------------------------
     0 | D:1      | workbot the Minotaur Berserker began the quest for the Orb.
     0 | D:1      | Reached XP level 1. HP: 19/19 MP: 0/0
   114 | D:1      | Reached skill level 4 in Axes
   161 | D:1      | Reached XP level 2. HP: 11/26 MP: 1/1
   898 | D:1      | Reached skill level 5 in Axes
  1006 | D:2      | Reached ** piety under Trog
  1007 | D:2      | Reached XP level 3. HP: 19/31 MP: 2/2
  1068 | D:2      | Found Foffynt's Magic Scroll Shoppe.
  1727 | D:3      | Reached XP level 4. HP: 33/39 MP: 3/3
  1729 | D:3      | Reached skill level 6 in Axes
  2068 | D:4      | Noticed a scorpion
  2083 | D:3      | Killed a scorpion
  2084 | D:3      | Reached skill level 7 in Axes
  2084 | D:3      | Reached XP level 5. HP: 25/45 MP: 4/4
  2367 | D:4      | Reached skill level 8 in Axes
  2421 | D:4      | Found Zeto's Gadget Gallery.
  2567 | D:4      | Noticed an ogre
  2577 | D:4      | Killed an ogre
  2578 | D:4      | Reached XP level 6. HP: 51/51 MP: 5/5
  2689 | D:4      | Reached skill level 9 in Axes
  3049 | D:5      | Entered Level 5 of the Dungeon
  3081 | D:5      | Reached XP level 7. HP: 54/57 MP: 6/6
  3256 | D:5      | Found a transporter.
  3324 | D:5      | Found a transporter.
  3328 | D:5      | Noticed esper6's ghost (novice GnIE)
  3514 | D:5      | Found a basalt altar of Yredelemnul.
  3717 | D:5      | Reached skill level 10 in Axes
  3782 | D:5      | Found a staircase to the Ecumenical Temple.
  4095 | D:5      | Noticed Blork the orc
  4105 | D:5      | Found a shimmering blue altar of Sif Muna.
  4398 | D:5      | Frozen to death by esper6's ghost

Illustrated notes

Levels and vault maps discovered:
D:1:      dpeg_arrival_rooms_c, layout_basic
D:2:      layout_rooms, serial_shops, nicolae_shop_tiny_real_fake_doors,
          serial_park_tiny_pond
D:3:      layout_basic
D:4:      layout_loops_ring, nicolae_shop_gadgets
D:5:      layout_loops_corners, tgw_sif, mainiacjoe_overflow_alcove_2,
          minmay_temple_entry_glassed_door, gammafunk_ghost_stat_death

Skill      XL: |  1  2  3  4  5  6  7 |
---------------+----------------------+-----
Axes           | 4 5 7 8 9 10 | 10.9
Fighting       | |  3.6
Armour         | |  2.4
Dodging        | |  2.1

Action                     |  1- 3 |  4- 6 |  7- 9 || total
---------------------------+-------+-------+-------++-------
  Melee: Hand axe          |    96 |    63 |     5 ||   164
         Headbutt          |    12 |     7 |     3 ||    22
         Punch             |     1 |     1 |     2 ||     4
         War axe           |       |       |    53 ||    53
 Invoke: Berserk           |       |     2 |     2 ||     4
    Use: Potion            |       |     1 |     2 ||     3
 Armour: Animal skin       |     1 |       |       ||     1
         Ring mail         |    22 |    18 |     9 ||    49
         Skin              |       |       |    78 ||    78
  Dodge: Dodged            |    56 |    30 |    21 ||   107
